 Dungeon Crawl Stone Soup version 0.19-a0-916-g8ae7e35 (webtiles) character file.

567 Implojin the Cleaver (level 7, -7/57 HPs)
             Began as a Minotaur Fighter on July 5, 2016.
             Mangled by a purple ugly thing (8 damage)
             ... on level 7 of the Dungeon.
             The game lasted 00:04:53 (732 turns).

Implojin the Cleaver (Minotaur Fighter)              Turns: 732, Time: 00:04:53

Health: -7/57      AC:  5    Str: 20    XL:     7   Next: 11%
Magic:  6/6        EV: 11    Int:  5    God:
Gold:   0          SH:  9    Dex: 12    Spells: 0 memorised, 6 levels left

rFire  . . .     SeeInvis .     a - +0 war axe
rCold  . . .     Gourm    .     j - +0 ring mail {MR+}
rNeg   . . .     Faith    .     c - +0 shield
rPois  .         Spirit   .     (helmet restricted)
rElec  .         Dismiss  .     (no cloak)
rCorr  .         Reflect  .     (no gloves)
SustAt .         Harm     .     (no boots)
MR     +....                    (no amulet)
Stlth  +.........               (no ring)
                                g - +3 ring of evasion

@: somewhat resistant to hostile enchantments, very unstealthy
A: retaliatory headbutt, horns 2
a: no special abilities


You were on level 7 of the Dungeon.
You were not hungry.

You visited 1 branch of the dungeon, and saw 7 of its levels.

Inventory:

Hand Weapons
 a - a +0 war axe (weapon)
Missiles
 v - 4 tomahawks (quivered)
Armour
 b - a +0 scale mail
 c - a +0 shield (worn)
 j - a +0 ring mail of magic resistance (worn)
 q - a +0 plate armour
Jewellery
 g - a +3 ring of evasion (left hand)
Scrolls
 h - a scroll of recharging {unknown}
 k - a scroll of immolation
 l - 3 scrolls of magic mapping {unknown}
 p - a scroll of teleportation {unknown}
 u - a scroll of identify
 w - a scroll of blinking {unknown}
 x - a scroll of remove curse {unknown}
Potions
 e - 2 potions of flight
 i - a potion of agility {unknown}
 m - a potion of mutation {unknown}
 o - a potion of curing {unknown}
 r - a potion of heal wounds {unknown}
 s - 2 potions of beneficial mutation {unknown}
 t - a potion of cure mutation {unknown}
Comestibles
 d - 2 royal jellies
 f - 3 bread rations
 n - a meat ration


   Skills:
 - Level 3.6 Fighting
 * Level 9.4 Axes
 - Level 3.6 Armour
 - Level 3.6 Shields


You had 6 spell levels left.
You didn't know any spells.

Dungeon Overview and Level Annotations

Branches:
Dungeon (7/15)
 Temple: D:4-7

Altars:
Fedhas
Qazlal
Trog

Shops:
D:6 }


Innate Abilities, Weirdness & Mutations

You reflexively headbutt those who attack you in melee.
You have a pair of horns on your head.


Message History

The purple ugly thing is moderately wounded.
You block the purple ugly thing's attack. x2
Okay, then.
You slash the purple ugly thing! You headbutt the purple ugly thing.
The purple ugly thing is heavily wounded.
You block the purple ugly thing's attack.
You barely miss the purple ugly thing.
The purple ugly thing is heavily wounded.
The purple ugly thing stings you.
You closely miss the purple ugly thing.
The purple ugly thing is heavily wounded.
The purple ugly thing stings you!
You closely miss the purple ugly thing. You headbutt the purple ugly thing.
The purple ugly thing is severely wounded.
The purple ugly thing closely misses you.
You furiously retaliate!
You headbutt the purple ugly thing! You hit the purple ugly thing.
The purple ugly thing is severely wounded.
The purple ugly thing stings you!
* * * LOW HITPOINT WARNING * * *
You hit the purple ugly thing.
The purple ugly thing is severely wounded.
The purple ugly thing barely misses you.
You closely miss the purple ugly thing.
You headbutt the purple ugly thing, but do no damage.
The purple ugly thing is severely wounded.
The purple ugly thing stings you!
* * * LOW HITPOINT WARNING * * *
Your shield prevents you from hitting the purple ugly thing.
The purple ugly thing is severely wounded.
The purple ugly thing stings you!
* * * LOW HITPOINT WARNING * * *
Okay, then.
You hit the purple ugly thing.
The purple ugly thing is severely wounded.
The purple ugly thing barely misses you.
You hit the purple ugly thing.
The purple ugly thing is almost dead.
The purple ugly thing stings you!
You die...

...# .... #+##
####..#
##...####.##..#
#.............#
#.............#
#.............#
#......##.....#
#.....@##...<.#
##.....u......#
#...............
#.....##........%
########........$..
............
+............
##u....##...#
.....#


You could see a purple ugly thing.

Vanquished Creatures
  The ghost of MetaCosm the Cudgeler, an amateur OgGl (D:3)
  A sky beast (D:5)
  2 ogres (D:4)
  A giant frog (D:6)
  A giant frog zombie (D:5)
  A hound (D:6)
  An iguana (D:4)
  A hound zombie (D:6)
  An ooze (D:2)
  2 worms
  A dart slug (D:2)
  5 orcs
  2 giant cockroaches
  2 goblins
  A hobgoblin (D:1)
  3 jackals (D:4)
  2 quokkas
  3 kobolds
  3 rats
34 creatures vanquished.

Notes
Turn   | Place    | Note
-------+----------+-------------------------------------------
     0 | D:1      | Implojin the Minotaur Fighter began the quest for the Orb.
     0 | D:1      | Reached XP level 1. HP: 19/19 MP: 0/0
    54 | D:2      | Reached skill level 3 in Axes
    57 | D:2      | Reached XP level 2. HP: 24/26 MP: 1/1
    92 | D:3      | Noticed MetaCosm's ghost (amateur OgGl)
    97 | D:3      | Killed MetaCosm's ghost
    97 | D:3      | Reached skill level 5 in Axes
    97 | D:3      | Reached XP level 3. HP: 31/31 MP: 2/2
    97 | D:3      | Reached XP level 4. HP: 39/39 MP: 3/3
   112 | D:3      | Reached skill level 6 in Axes
   205 | D:4      | Noticed an ogre
   229 | D:4      | Killed an ogre
   229 | D:4      | Reached skill level 7 in Axes
   229 | D:4      | Reached XP level 5. HP: 37/45 MP: 4/4
   355 | D:4      | Noticed an ogre
   357 | D:4      | Killed an ogre
   357 | D:4      | Reached XP level 6. HP: 51/51 MP: 5/5
   381 | D:5      | Entered Level 5 of the Dungeon
   408 | D:5      | Noticed a sky beast
   411 | D:5      | Reached skill level 8 in Axes
   421 | D:5      | Killed a sky beast
   472 | D:3      | Found a bloodstained altar of Trog.
   472 | D:3      | Found a blossoming altar of Fedhas.
   493 | D:4      | Found a stormy altar of Qazlal.
   527 | D:5      | Noticed an orc warrior
   567 | D:6      | Found Urajag's Quality Used Wands.
   577 | D:6      | Reached skill level 9 in Axes
   577 | D:6      | Reached XP level 7. HP: 51/57 MP: 6/6
   713 | D:7      | Noticed a purple ugly thing
   730 | D:7      | HP: 1/57 [purple ugly thing (14)]
   732 | D:7      | Mangled by a purple ugly thing

Vault maps used:
D:1:      dpeg_arrival_rooms_a
D:2:      lemuel_blue_sif_altar, first_bread, tgw_xom
D:3:      nicolae_overflow_hidden_temple, ecumenical_altar_1
D:4:      zin_statuary, kennysheep_mini
D:5:      nemelex_xobeh_ov_fountains_minmay, eat_drink_and_be_merry_uskayaw,
          nicolae_tso_carved_into_rock, portal_sewer_entry_e,
          minmay_splitting_lines, grunt_ministairs_11
D:6:      nicolae_for_you_no_charge, uniq_grinder, uniq_eustachio
D:7:      kennysheep_orc_sif_temple, cheibriados_altar_wand_db, serial_shops,
          nicolae_shop_crystal

Skill      XL: |  1  2  3  4  5  6 |
---------------+-------------------+-----
Axes           | 3 5 7 9 |  9.4
Fighting       | |  3.6
Armour         | |  3.6
Shields        | |  3.6

Action                   |  1- 3 |  4- 6 |  7- 9 || total
-------------------------+-------+-------+-------++-------
Melee: War axe           |    13 |    54 |    24 ||    91
       Headbutt          |     4 |     8 |     7 ||    19
  Use: Potion            |     1 |       |       ||     1
       Scroll            |       |     2 |       ||     2
Armor: Scale mail        |     7 |       |       ||     7
       Ring mail         |       |     7 |     6 ||    13
Dodge: Dodged            |     7 |    17 |    10 ||    34
Block: Shield            |     7 |    30 |     9 ||    46

Table legend:
 A = Turns spent in this place as a percentage of turns spent in the entire game.
 B = Non-inter-level travel turns spent in this place as a percentage of non-inter-level travel turns spent in the entire game.
 C = Inter-level travel turns spent in this place as a percentage of turns spent in this place.
 D = Turns resting spent in this place as a percentage of non-inter-level travel turns spent in this place.
 E = Turns spent auto-exploring this place as a percentage of non-inter-level travel turns spent in this place.
 F = Non-inter-level travel turns spent in this place divided by the number of levels of this place that you've seen.
                   A       B       C       D       E      F
               +-------+-------+-------+-------+-------+----------------------
         Total | 100.0 | 100.0 |   0.0 |   0.0 |   0.0 | 103.0
       Dungeon | 100.0 | 100.0 |   0.0 |   0.0 |   0.0 | 103.0
               +-------+-------+-------+-------+-------+----------------------

Table legend:
 A = Kills in this place as a percentage of kills in entire the game.
 B = Kills by you in this place as a percentage of kills by you in the entire game.
 C = Kills by friends in this place as a percentage of kills by friends in the entire game.
 D = Other kills in this place as a percentage of other kills in the entire game.
 E = Experience gained in this place as a percentage of experience gained in the entire game.
 F = Experience gained in this place divided by the number of levels of this place that you have seen.
                   A       B       C       D       E      F
               +-------+-------+-------+-------+-------+----------------------
         Total | 100.0 | 100.0 |  -nan |  -nan | 100.0 | 115.7
       Dungeon | 100.0 | 100.0 |  -nan |  -nan | 100.0 | 115.7
               +-------+-------+-------+-------+-------+----------------------
